 Seeded DCSS version 0.31-a0-496-g6f97920a28 (webtiles) character file.

Game seed: 17088002534519195359 (custom seed)

200 bmack86 the Chopper (level 5, -6/45 HPs)
             Began as a Minotaur Fighter on Aug 9, 2023.
             Mangled by an orc priest
             ... wielding a +0 trident of freezing
              (7 damage)
             ... on level 4 of the Dungeon.
             The game lasted 00:06:44 (2628 turns).

bmack86 the Chopper (Minotaur Fighter)              Turns: 2628, Time: 00:06:46

Health: -6/45      AC: 12    Str: 23    XL:     5   Next: 48%
Magic:  4/4        EV:  8    Int:  5    God:
Gold:   71         SH:  8    Dex:  9    Spells: 4/4 levels left

rFire   . . .        a - +0 war axe
rCold   . . .        s - +0 kite shield
rNeg    . . .        b - +0 scale mail
rPois   .            (helmet restricted)
rElec   .            n - +0 cloak
rCorr   .            t - +0 pair of gloves
SInv    .            e - +2 pair of boots
Will    .....        (no amulet) Stlth
                     (no ring)
HPRegen 0.27/turn    (no ring)
MPRegen 0.09/turn

%: no passive effects
@: no status effects
A: horns 2, retaliatory headbutt
a: no special abilities


You were on level 4 of the Dungeon.
You visited 1 branch of the dungeon, and saw 4 of its levels.

You collected 206 gold pieces.
You spent 135 gold pieces at shops.

Inventory:

Hand Weapons
 a - a +0 war axe (weapon)
Missiles
 g - 7 boomerangs
Armour
 b - a +0 scale mail (worn)
 c - a +0 buckler
 e - a +2 pair of boots (worn)
 n - a +0 cloak (worn)
 s - a +0 kite shield (worn)
 t - a +0 pair of gloves (worn)
Scrolls
 i - a scroll of immolation {unknown}
 j - a scroll of torment {unknown}
 l - a scroll of amnesia {unknown}
 m - a scroll of blinking {unknown}
 o - a scroll of identify {unknown}
 q - a scroll of fog {unknown}
 r - a scroll of revelation {unknown}
Potions
 d - a potion of might
 f - a potion of lignification {unknown}
 h - a potion of attraction {unknown}
 k - 3 potions of haste {unknown}
 p - a potion of curing {unknown}
 u - a potion of magic {unknown}


   Skills:
 - Level 3.6 Fighting
 + Level 7.0 Axes
 - Level 3.6 Armour
 - Level 3.6 Shields


You had 4 spell levels left.
You didn't know any spells.
Your spell library contained the following spells:

 Spells                   Type           Power      Damage    Failure   Level
 Apportation              Tloc           0%         N/A       96%         1
 Magic Dart               Conj           0%         1d3       96%         1
 Necrotise                Necr           0%         1d4       96%         1
 Summon Small Mammal      Summ           0%         N/A       96%         1
 Blink                    Tloc           0%         N/A       99%         2
 Lesser Beckoning         Tloc           0%         N/A       99%         2
 Momentum Strike          Conj/Tloc      0%         3d8       99%         2
 Searing Ray              Conj           0%         2d4       99%         2
 Fulminant Prism          Conj/Hex       0%         3d5       100%        4


Dungeon Overview and Level Annotations

Branches:
Dungeon (4/15)
 Temple: D:4-7

Altars:
Elyvilon
Makhleb
Zin

Shops:
D:2 [


Innate Abilities, Weirdness & Mutations

You have a pair of horns on your head.
You reflexively headbutt those who attack you in melee.


Message History

The orc is heavily wounded.
You block the orc's attack.
You slash the orc priest!
You headbutt the orc priest, but do no damage.
The orc priest is severely wounded.
You hit the orc but do no damage.
The orc priest invokes the aid of Beogh against you.
Pain shoots through your body! The orc hits you but does no damage.
The orc priest calls upon Beogh to heal the orc priest.
The orc priest is healed somewhat.
You hit the orc priest.
The orc priest is heavily wounded.
You hit the orc.
You kill the orc!
The orc priest looks encouraged for a moment.
You closely miss the orc priest.
The orc priest is heavily wounded.
The orc priest barely misses you.
You slash the orc priest!
You kill the orc priest!
Your Axes skill increases to level 7!
The orc priest invokes the aid of Beogh against you.
Pain shoots through your body!
Things that are here:
a +0 whip; a +0 ring mail; a +0 trident The orc priest closely misses you.
You hit the orc priest but do no damage.
Your headbutt misses the orc priest. You block the orc priest's attack.
You hit the orc priest.
The orc priest is lightly wounded.
The orc priest calls down the wrath of Beogh upon you.
Pain shoots through your body!
* * * LOW HITPOINT WARNING * * *
You closely miss the orc priest. You headbutt the orc priest!
The orc priest is severely wounded.
The orc priest invokes the aid of Beogh against you.
Beogh smites you!
* * * LOW HITPOINT WARNING * * *
The orc priest hits you with a +0 trident of freezing!
You die...

#.....##..## #.##
#.....###..###...#...
##.#...####....# ..
#.##....###...##
..####
)###..........#
......
.....#...###..#
#....# #..#.##.##
##.###....# #...## .#
#..#.....## ..### .
##))@o....# .##
........#####.... .#
.####...# . .# ###.#
#.# #.. ##.# #.. ...
.## .# #


You could see an orc priest.

Vanquished Creatures
  An orc priest (D:4)
  An orc wizard (D:4)
  3 adders (D:2)
  4 gnolls (D:3)
  3 worms
  3 orcs (D:4)
  4 bats
  2 endoplasms (D:2)
  2 giant cockroaches
  5 goblins
  5 hobgoblins
  6 jackals
  12 kobolds
  4 quokkas
  7 ball pythons
  A frilled lizard (D:1)
  7 rats
  A spectral kobold (D:2)
71 creatures vanquished.

Vanquished Creatures (others)
  A butterfly (D:3)
1 creature vanquished.

Grand Total: 72 creatures vanquished

Notes
Turn   | Place    | Note
-------+----------+-------------------------------------------
     0 | D:1      | bmack86 the Minotaur Fighter began the quest for the Orb.
     0 | D:1      | Reached XP level 1. HP: 19/19 MP: 0/0
   140 | D:1      | Reached skill level 3 in Axes
   241 | D:1      | Reached XP level 2. HP: 23/26 MP: 1/1
   540 | D:1      | Reached skill level 4 in Axes
   756 | D:2      | Reached XP level 3. HP: 23/31 MP: 2/2
   867 | D:2      | Found Ajoe's Armour Boutique.
   875 | D:2      | Bought a +0 cloak for 45 gold pieces
   921 | D:2      | Found a glowing silver altar of Zin.
   987 | D:2      | Identified the +7 whip of Traps {heavy, Str+2}
   995 | D:2      | Found a faded altar of an unknown god.
  1192 | D:2      | Reached skill level 5 in Axes
  1217 | D:2      | Reached XP level 4. HP: 37/39 MP: 3/3
  2035 | D:2      | Bought a +0 kite shield for 45 gold pieces
  2035 | D:2      | Bought a +0 pair of gloves for 45 gold pieces
  2121 | D:3      | Found a burning altar of Makhleb.
  2121 | D:3      | Noticed a balrug
  2309 | D:3      | Reached skill level 6 in Axes
  2362 | D:3      | Reached XP level 5. HP: 43/45 MP: 4/4
  2408 | D:3      | Found a white marble altar of Elyvilon.
  2624 | D:4      | Reached skill level 7 in Axes
  2628 | D:4      | HP: 1/45 [orc priest/divine providence (13)]
  2628 | D:4      | Mangled by an orc priest

Illustrated notes

Levels and vault maps discovered:
D:1:      dpeg_arrival_connections, layout_loops_ring, hangedman_feature_mirror,
          nicolae_concentric_dashed_squares_mild
D:2:      layout_basic, dreamdust_ecumenical_altar_drowned_temple, basic_altar,
          serial_shops, nicolae_shop_peninsula, hex_intersection, minmay_unequal
D:3:      layout_basic, makhleb_altar_promises_db,
          nicolae_elyvilon_peaceful_grove
D:4:      layout_layer_cave, nicolae_half_adder

Skill      XL: |  1  2  3  4  5 |
---------------+----------------+-----
Axes           | 3 4 5 6 7 |  7.0
Fighting       | |  3.6
Armour         | |  3.6
Shields        | |  3.6

Action                     |  1- 3 |  4- 6 || total
---------------------------+-------+-------++-------
  Melee: War axe           |    73 |    63 ||   136
         Headbutt          |     7 |     9 ||    16
    Use: Scroll            |       |     2 ||     2
         Potion            |       |     2 ||     2
 Armour: Scale mail        |    57 |    22 ||    79
  Dodge: Dodged            |    45 |    27 ||    72
  Block: Buckler           |    21 |     3 ||    24
         Kite shield       |       |    22 ||    22

Table legend: (Time is in decaauts)
 A = Elapsed time spent in this place.
 B = Non-inter-level travel time spent in this place.
 C = Inter-level travel time spent in this place.
 D = Time resting spent in this place.
 E = Time spent auto-exploring this place.
 F = Levels seen in this place.
 G = Mean time per level.
                   A        B        C        D        E       F      G
               +--------+--------+--------+--------+--------+-----+--------+
         Total |   2676 |   2455 |    221 |      0 |   1328 |   4 |  669.0 |
       Dungeon |   2676 |   2455 |    221 |      0 |   1328 |   4 |  669.0 |
               +--------+--------+--------+--------+--------+-----+--------+

Top non-repeatable levels by time:
     D:3: 928 daAuts
     D:2: 921 daAuts
     D:1: 751 daAuts
     D:4: 75 daAuts
